 Dungeon Crawl Stone Soup version 0.23-b1-13-gf37ab262a9 (console) character file.

Game seed: 8346782534261902816

341656 toxicsyntax the Slayer (level 22, -8/158 HPs)
             Began as a Gargoyle Fighter on Feb 2, 2019.
             Was the Champion of Lugonu.
             Mangled by a deep troll shaman simulacrum (13 damage)
             ... animated by a necromancer
             ... on level 1 of the Depths.
             The game lasted 03:04:28 (46720 turns).

toxicsyntax the Slayer (Gargoyle Fighter)          Turns: 46720, Time: 03:04:28

Health: -8/158     AC: 45    Str: 29    XL:     22   Next: 1%
Magic:  30/30      EV: 11    Int: 10    God:    Lugonu [******]
Gold:   4076       SH: 20    Dex: 16    Spells: 21/21 levels left

rFire    + . .     SeeInvis +   a - +12 morningstar {flame, +Fly rN+}
rCold    . . .     Gourm    .   c - +5 shield
rNeg     + + .     Faith    .   E - +1 plate armour {rPois}
rPois    ∞         Spirit   .   L - +2 hat {MR+}
rElec    +         Reflect  .   V - +2 cloak of the Untouchables {Str+5}
rCorr    .         Harm     .   X - +0 pair of gloves {archery}
MR       ++...                  D - +0 pair of boots {Fly}
Stlth    ..........             x - amulet of the acrobat
HPRegen  0.36/turn              F - ring of Lucidity {rF+ Dex+2}
MPRegen  0.22/turn              I - ring of see invisible

@: flying
A: big wings, negative energy resistance 1, electricity resistance, unbreathing,
petrification resistance, rot immunity, AC +16
}: 2/15 runes: decaying, gossamer
a: Stop Flying, Depart the Abyss, Bend Space, Banish, Corrupt, Enter the Abyss,
Brand Weapon With Distortion, Renounce Religion


You were on level 1 of the Depths.
You worshipped Lugonu.
Lugonu was exalted by your worship.
You were not hungry.

You visited 8 branches of the dungeon, and saw 37 of its levels.
You visited the Abyss 1 time.
You also visited: Sewer and Gauntlet.

You collected 4698 gold pieces.
You spent 622 gold pieces at shops.

Inventory:

Hand Weapons
 a - the +12 morningstar "Hora" (weapon) {flame, +Fly rN+}
   (You took it off an orc warrior on level 1 of the Orcish Mines)

   It has been specially enchanted to burn those struck by it, causing extra
   injury to most foes and up to half again as much damage against particularly
   susceptible opponents.
   It protects you from negative energy.
   It lets you fly.
 b - a +4 blowgun
 N - a +1 antimagic flail
Missiles
 l - 135 poisoned needles
 y - 3 throwing nets
 J - 18 curare-tipped needles
 T - 14 javelins (quivered)
 U - 2 silver javelins
Armour
 c - a +5 shield (worn)
 j - a scarf of spirit shield
 n - the +2 helmet of Lik Lousint {+Inv}
   (You found it in a Gauntlet)

   It lets you turn invisible.
 D - a +0 pair of boots of flying (worn)
 E - a +1 plate armour of poison resistance (worn)
 L - a +2 hat of magic resistance (worn)
 V - the +2 cloak of the Untouchables (worn) {Str+5}
   (You found it on level 2 of the Spider Nest)

   It affects your strength (+5).
 X - a +0 pair of gloves of archery (worn)
Jewellery
 k - an uncursed ring of resist corrosion
 q - the ring of Shadows {Umbra +Inv Stlth+}
   (You took it off a deep elf sorcerer on level 3 of the Elven Halls)

   [ring of stealth]

   It lets you turn invisible.
   It makes you more stealthy.
 x - an amulet of the acrobat (around neck)
 B - an uncursed ring of protection from fire
 F - the ring of Lucidity (left hand) {rF+ Dex+2}
   (You bought it in a shop on level 2 of the Elven Halls)

   [ring of protection from fire]

   It affects your dexterity (+2).
   It protects you from fire.
 I - a ring of see invisible (right hand)
 R - a +1 ring of evasion
 S - a +1 ring of evasion
Wands
 C - a wand of paralysis (59)
 M - a wand of flame (59)
 P - a wand of iceblast (28)
 Q - a wand of acid (21)
 W - a wand of clouds (11)
 Y - a wand of enslavement (10)
 Z - a wand of digging (13)
Scrolls
 e - 6 scrolls of fog
 h - 5 scrolls of teleportation
 i - 10 scrolls of identify
 o - a scroll of summoning
 r - 7 scrolls of magic mapping
 u - 7 scrolls of fear
 A - 4 scrolls of blinking
 O - 12 scrolls of remove curse
Potions
 d - 4 potions of haste
 g - 2 potions of cancellation
 p - 2 potions of magic
 s - 2 potions of agility
 t - 4 potions of might
 w - 10 potions of curing
 z - 3 potions of resistance
 H - 5 potions of mutation
Miscellaneous
 m - a fan of gales
 G - 2 boxes of beasts
 K - 4 sacks of spiders
Comestibles
 f - 53 rations


   Skills:
 + Level 22.7 Fighting
 - Level 16.0 Maces & Flails
 - Level 18.0 Armour
 - Level 5.0 Dodging
 - Level 15.0 Shields
 - Level 10.0 Invocations
 + Level 10.9 Evocations


You had 21 spell levels left.
You didn't know any spells.
Your spell library contained the following spells:

 Spells                   Type           Power        Failure   Level  Hunger
 Animate Skeleton         Necr           N/A          88%         1    ##.....
 Apportation              Tloc           #.....       88%         1    ##.....
 Confusing Touch          Hex            #.....       88%         1    ##.....
 Flame Tongue             Conj/Fire      #....        88%         1    ##.....
 Freeze                   Ice            #...         88%         1    ##.....
 Infusion                 Chrm           #...         88%         1    ##.....
 Magic Dart               Conj           #...         88%         1    ##.....
 Shock                    Conj/Air       #...         88%         1    ##.....
 Summon Small Mammal      Summ           #...         88%         1    ##.....
 Blink                    Tloc           N/A          95%         2    ###....
 Call Imp                 Summ           #.......     95%         2    ###....
 Corpse Rot               Necr           N/A          95%         2    ###....
 Searing Ray              Conj           #.....       95%         2    ###....
 Shroud of Golubria       Chrm/Tloc      #.........   95%         2    ###....
 Slow                     Hex            #.......     95%         2    ###....
 Song of Slaying          Chrm           #.......     95%         2    ###....
 Swiftness                Chrm/Air       #.......     95%         2    ###....
 Throw Flame              Conj/Fire      #.....       95%         2    ###....
 Throw Frost              Conj/Ice       #.....       95%         2    ###....
 Confuse                  Hex            #.......     99%         3    ####...
 Conjure Flame            Conj/Fire      #.......     99%         3    ####...
 Dazzling Spray           Conj/Hex       #.....       99%         3    ####...
 Gell's Gravitas          Tloc           #.........   99%         3    ####...
 Inner Flame              Hex/Fire       #.......     99%         3    ####...
 Mephitic Cloud           Conj/Pois/Air  #.......     99%         3    ####...
 Ozocubu's Armour         Chrm/Ice       #.......     99%         3    ####...
 Portal Projectile        Hex/Tloc       #.....       99%         3    ####...
 Regeneration             Chrm/Necr      #.........   99%         3    ####...
 Spectral Weapon          Hex/Chrm       #.......     99%         3    ####...
 Static Discharge         Conj/Air       #.......     99%         3    ####...
 Stone Arrow              Conj/Erth      #.....       99%         3    ####...
 Airstrike                Air            #.........   100%        4    #####..
 Force Lance              Conj/Tloc      #.......     100%        4    #####..
 Fulminant Prism          Conj/Hex       #.........   100%        4    #####..
 Iskenderun's Mystic Bla  Conj           #.......     100%        4    #####..
 Leda's Liquefaction      Hex/Erth       #.........   100%        4    #####..
 Petrify                  Tmut/Erth      #.......     100%        4    #####..
 Sticky Flame             Conj/Fire      #.......     100%        4    #####..
 Summon Ice Beast         Ice/Summ       #.......     100%        4    #####..
 Throw Icicle             Conj/Ice       #.......     100%        4    #####..
 Agony                    Necr           #.......     100%        5    ######.
 Bolt of Draining         Conj/Necr      #.........   100%        5    ######.
 Borgnjor's Vile Clutch   Necr/Erth      #.........   100%        5    ######.
 Dispel Undead            Necr           #.......     100%        5    ######.
 Excruciating Wounds      Chrm/Necr      #.........   100%        5    ######.
 Fireball                 Conj/Fire      #.........   100%        5    ######.
 Lightning Bolt           Conj/Air       #.........   100%        5    ######.
 Metabolic Englaciation   Hex/Ice        #.........   100%        5    ######.
 Summon Forest            Summ/Tloc      #.........   100%        5    ######.
 Yara's Violent Unravell  Hex/Tmut       #.........   100%        5    ######.
 Dispersal                Tloc           #.........   100%        6    #######
 Hydra Form               Tmut           #.........   100%        6    #######
 Poison Arrow             Conj/Pois      #.........   100%        6    #######
 Summon Hydra             Summ           #.........   100%        7    #######
 Chain Lightning          Conj/Air       #.........   100%        8    #######
 Controlled Blink         Tloc           N/A          100%        8    #######
 Disjunction              Tloc           #.........   100%        8    #######
 Lehudib's Crystal Spear  Conj/Erth      #.........   100%        8    #######
 Fire Storm               Conj/Fire      #.........   100%        9    #######
 Glaciate                 Conj/Ice       #.........   100%        9    #######
 Sublimation of Blood     Necr           Unusable     N/A         2    N/A

Dungeon Overview and Level Annotations

Branches:
Dungeon (15/15)            Temple (1/1) D:6            Lair (6/6) D:10
  Swamp (4/4) Lair:3       Spider (4/4) Lair:2        Slime (0/5) Lair:6
    Orc (2/2) D:11            Elf (3/3) Orc:2        Vaults (0/5) D:14
 Depths (2/5) D:15

Altars:
Ashenzari
Cheibriados
Dithmenos
Elyvilon
Fedhas
Gozag
Hepliaklqana
Kikubaaqudgha
Makhleb
Nemelex Xobeh
Okawaru
Qazlal
Ru
Sif Muna
Trog
Uskayaw
Vehumet
Wu Jian
Xom
Yredelemnul
Zin
The Shining One
Beogh
Jiyva
Lugonu

Shops:
D:11 ?   Orc:2 (?:[   Elf:1 }   Elf:2 =}}

Portals:
Hell: Depths:1
Abyss: Depths:1
Ziggurat: Depths:1

Annotations:
Lair:6 1 runed translucent door


Innate Abilities, Weirdness & Mutations

You are resistant to torment.
Your stone body is resilient. (AC +16)
You are immune to poison.
Your large and strong wings let you fly indefinitely.
You resist negative energy. (rN+)
You are resistant to electric shocks. (rElec)
You can survive without breathing.
You are immune to petrification.
You are immune to rotting.


Message History

The yaktaur hits you but does no damage.
The spriggan air mage waves its arms in wide circles.
The air twists around and violently strikes you in flight!
* * * LOW HITPOINT WARNING * * *
You block the deep troll shaman simulacrum's attack. x2
The deep troll shaman simulacrum misses you.
The yaktaur wields a +0 arbalest.
The yaktaur shoots a bolt.
The bolt closely misses the necromancer.
The bolt hits you but does no damage.
Your mature weirdfire beast hits the yaktaur!
You see here a bolt.
You feel better.
The necromancer hits you but does no damage.
You block the deep troll earth mage's attack. x2
The deep troll earth mage barely misses you.
The spriggan air mage hits you but does no damage.
The deep troll shaman simulacrum bites you!
* * * LOW HITPOINT WARNING * * *
The deep troll shaman simulacrum freezes you!
You die...

#.# #.#######..##..........#...
#.# #.# #..##.....^....###.
#.#####.### #..##..........#...
#.........# ##..##..........###.
'.......#.# #...######[..#..#...
#.##.####.# ##'##### ##.[.'..###.
##.#..###.# #......###..#.#..#...
.##..#.##.# #....).##...#.##.###.
#.##.##.#.###...TC>'......###.#..
##....##....'..iZT...(....####..#
##........###...@pc.#.###.....#.#
'(................H##.# #####...#
###(.......'.......##.# #####)##
# #..####....).....##.####.......
###.#####..........##.#..'.≈≈≈≈≈.
........'..........##.#.##.≈###≈.
#.######....[......'....##.≈# #≈.
.## ##.#..........#######.≈###≈.
## #.##..........# #.≈≈≈≈≈. #
####.........(# #.......
############ ########


You could see a frost giant, a deep troll, a spriggan air mage, a deep troll
earth mage, a yaktaur, a necromancer (invisible), a deep troll shaman simulacrum
and a friendly mature weirdfire beast.

Vanquished Creatures
  A caustic shrike (Depths:1)
  Saint Roka (Orc:2)
  Nikola (Swamp:3)
  Arachne (Spider:3)
  A lich (Depths:2)
  3 deep elf blademasters
  2 deep elf master archers (Elf:3)
  Gastronok (Lair:1)
  7 thorn hunters
  4 fire giants
  5 ghost moths
  An iron dragon (Depths:1)
  A frost giant (Depths:1)
  4 deep elf sorcerers
  Louise (Depths:1)
  6 deep elf elementalists (Elf:3)
  An orc warlord (Orc:2)
  A spriggan defender (Depths:1)
  4 emperor scorpions (Spider:4)
  8 very ugly things
  A vampire knight (Depths:1)
  7 stone giants (Depths:1)
  An entropy weaver (Spider:4)
  3 deep elf demonologists (Elf:3)
  3 deep elf annihilators
  A spark wasp (Spider:4)
  A minotaur (Gauntlet)
  2 deep elf death magi (Elf:3)
  6 ettins
  Snorg (Orc:2)
  2 green deaths (Swamp:4)
  6 fire dragons
  2 death oozes (Swamp:4)
  A great orb of eyes (Depths:1)
  16 hydras
  2 vault guards (D:14)
  A yaktaur captain (Depths:1)
  2 deep elf high priests (Elf:3)
  3 ice dragons (Depths:1)
  5 shambling mangroves
  A rakshasa (Depths:1)
  Fannar (Lair:1)
  A hell beast (Swamp:4)
  A spriggan air mage (Depths:1)
  4 centaur warriors
  16 two-headed ogres
  A catoblepas (Lair:6)
  A death knight (D:11)
  4 ogre magi
  A queen ant (Lair:3)
  18 dancing weapons
  8 death yaks
  5 deep troll shamans
  10 alligators
  2 spriggan berserkers
  A vampire mage (Depths:1)
  5 deep troll earth magi (Depths:1)
  A skeletal warrior (D:11)
  9 deep elf knights
  A hell knight (Depths:1)
  5 deep trolls (Depths:1)
  The ghost of wont the Chopper, a novice HuFi of Okawaru (D:6)
  7 swamp dragons
  2 unseen horrors
  2 glowing orange brains (Depths:1)
  3 wizards (D:14)
  2 lindwurms
  A spriggan druid (Swamp:4)
  14 deep elf archers
  4 necromancers
  A fire giant zombie (Depths:1)
  22 orb spiders
  14 ugly things
  2 orc sorcerers
  18 cyclopes
  4 oklob plants
  2 wolf spider zombies
  47 deep elf magi
  35 wolf spiders
  A stone giant zombie (Depths:1)
  A large abomination (Swamp:4)
  2 manticores
  A guardian serpent (Lair:6)
  3 moths of wrath
  12 elephants
  7 black mambas
  6 torpor snails
  Maurice (Orc:1)
  A gargoyle (D:12)
  30 spiny frogs
  3 orange demons (Swamp:4)
  2 rime drakes
  8 demonic crawlers
  3 yaktaurs
  2 kobold demonologists
  2 freezing wraiths
  2 komodo dragons
  2 tengu conjurers (Depths:1)
  A harpy zombie (D:15)
  A queen bee (shapeshifter) (D:15)
  18 tyrant leeches
  A wind drake (shapeshifter) (D:13)
  10 polar bears
  4 trolls
  33 jumping spiders
  16 hornets
  A queen bee (Gauntlet)
  7 blink frogs
  16 slime creatures
  5 raiju (Lair:6)
  10 hippogriffs
  14 bog bodies
  An ice dragon zombie (Depths:1)
  63 redbacks
  4 spriggans
  8 shadows
  2 water elementals
  3 air elementals
  A vampire (D:10)
  39 yaks
  23 tarantellas
  Sigmund (D:2)
  A wraith (D:15)
  6 wyverns (Lair:6)
  18 humans (D:14)
  A hungry ghost (D:13)
  5 basilisks
  3 fire elementals
  26 vampire mosquitoes
  A steam dragon (D:11)
  17 wargs
  5 soldier ants (Lair:3)
  19 swamp worms
  11 insubstantial wisps (Swamp:4)
  An acid dragon (D:11)
  10 hell hounds (Lair:6)
  A floating eye (Depths:1)
  Duvessa (D:6)
  9 porcupines
  17 water moccasins
  14 black bears
  4 swamp drakes
  24 orc warriors
  A fire dragon simulacrum (Depths:1)
  3 phantoms
  An eye of draining (D:14)
  2 necrophages
  Purgy (Sewer)
  4 ice beasts
  28 ogres
  33 wolves
  6 centaurs
  12 crocodiles
  4 big kobolds
  2 gnoll sergeants
  14 bullfrogs
  A water moccasin zombie (D:10)
  6 earth elementals
  Dowan (D:6)
  5 scorpions
  7 killer bees
  7 wights
  An electric eel (Lair:3)
  3 howler monkeys
  12 crimson imps
  A lava snake (Orc:1)
  A bullfrog zombie (D:8)
  3 centaur zombies
  A quasit (D:12)
  10 hounds
  A jelly (D:8)
  22 orc priests
  4 bullfrog skeletons
  5 centaur skeletons
  8 iguanas
  24 orc wizards
  17 worker ants
  A killer bee zombie (D:5)
  2 hound zombies
  A hound skeleton (D:5)
  2 worker ant zombies (D:9)
  14 adders
  12 gnolls
  A river rat (D:3)
  4 shadow imps
  An ooze (D:1)
  4 adder skeletons
  A worm (D:3)
  3 dart slugs (D:1)
  7 leopard geckos
  70 orcs
  5 giant cockroaches
  4 hobgoblins
  7 jackals
  7 quokkas
  5 ball pythons
  8 bats
  8 frilled lizards
  8 goblins
  28 kobolds
  A leopard gecko zombie (D:5)
  A quokka skeleton (D:4)
  10 rats
  3 plants
1431 creatures vanquished.

Vanquished Creatures (collateral kills)
  An orc (Orc:2)
1 creature vanquished.

Vanquished Creatures (others)
  A ghost moth (Spider:4)
  An alligator (Swamp:3)
  A jumping spider (Spider:4)
  An orc warrior (Orc:2)
  4 briar patches (Swamp:4)
  2 bushes (Lair:6)
  A fire vortex (Orc:1)
  55 fungi
  44 plants
110 creatures vanquished.

Grand Total: 1542 creatures vanquished

Notes
Turn   | Place    | Note
-------+----------+-------------------------------------------
     0 | D:1      | toxicsyntax the Gargoyle Fighter began the quest for the
                  | Orb.
     0 | D:1      | Reached XP level 1. HP: 14/14 MP: 1/1
   126 | D:1      | Reached XP level 2. HP: 19/19 MP: 2/2
   456 | D:1      | Reached XP level 3. HP: 23/23 MP: 3/3
   655 | D:2      | Found a faded altar of an unknown god.
   717 | D:2      | Became a worshipper of Lugonu the Unformed
   717 | D:2      | Reached * piety under Lugonu
   717 | D:2      | Reached ** piety under Lugonu
   977 | D:2      | Reached XP level 4. HP: 21/28 MP: 4/4
   980 | D:2      | Noticed Sigmund
  1018 | D:2      | Killed Sigmund
  1018 | D:2      | Reached skill level 5 in Maces & Flails
  1018 | D:2      | Reached XP level 5. HP: 29/32 MP: 5/5
  1273 | D:3      | Reached XP level 6. HP: 37/37 MP: 6/6
  1455 | D:3      | Reached *** piety under Lugonu
  1783 | D:3      | Found a glowing drain.
  1790 | Sewer    | Entered a sewer
  1850 | Sewer    | Noticed Purgy
  1885 | Sewer    | Killed Purgy
  2095 | D:3      | Reached skill level 10 in Fighting
  2095 | D:3      | Reached skill level 10 in Armour
  2095 | D:3      | Reached XP level 7. HP: 52/52 MP: 7/7
  2367 | D:4      | Reached XP level 8. HP: 52/57 MP: 8/8
  2742 | D:4      | Found a bloodstained altar of Trog.
  2947 | D:5      | Entered Level 5 of the Dungeon
  3081 | D:5      | Reached **** piety under Lugonu
  3542 | D:5      | Found a shimmering altar of Xom.
  3771 | D:6      | Found a staircase to the Ecumenical Temple.
  3802 | D:6      | Reached XP level 9. HP: 47/62 MP: 7/9
  3873 | D:6      | Found a runed translucent gate.
  3873 | D:6      | Found a runed translucent gate.
  3875 | D:6      | Found a runed translucent gate.
  3876 | D:6      | Noticed wont's ghost (novice HuFi)
  4286 | D:6      | Noticed Dowan
  4286 | D:6      | Noticed Duvessa
  4315 | D:6      | Killed Dowan
  5015 | D:7      | Found an opulent altar of Gozag.
  5123 | D:7      | Reached ***** piety under Lugonu
  5379 | D:6      | Killed Duvessa
  5593 | D:8      | Reached skill level 10 in Maces & Flails
  6009 | D:8      | Reached XP level 10. HP: 68/68 MP: 10/10
  6624 | D:9      | Noticed a green ugly thing
  6645 | D:9      | Killed a green ugly thing
  7538 | D:10     | Entered Level 10 of the Dungeon
  7823 | D:10     | Found a staircase to the Lair.
  7875 | D:10     | Reached skill level 1 in Invocations
  8290 | D:10     | Found a deep blue altar of Sif Muna.
  8394 | D:10     | Reached XP level 11. HP: 72/72 MP: 12/12
  8605 | D:11     | Noticed a death knight
  8627 | D:11     | Killed a death knight
  8635 | D:11     | Reached skill level 5 in Shields
  9525 | D:11     | Found a staircase to the Orcish Mines.
  9555 | D:11     | Found Eciy's Magic Scroll Emporium.
  9664 | Lair:1   | Entered Level 1 of the Lair of Beasts
  9686 | Lair:1   | Reached skill level 5 in Invocations
  9880 | Lair:1   | Noticed Fannar
  9896 | Lair:1   | Killed Fannar
 10024 | Lair:1   | Noticed Gastronok
 10063 | Lair:1   | Killed Gastronok
 10063 | Lair:1   | Reached skill level 11 in Fighting
 10596 | Lair:2   | Reached XP level 12. HP: 80/80 MP: 17/17
 11113 | Lair:2   | Found a hole to the Spider Nest.
 11475 | D:6      | Killed wont's ghost
 11947 | D:11     | Noticed a six-headed hydra
 11962 | D:11     | Killed a six-headed hydra
 12502 | Lair:2   | Reached skill level 12 in Fighting
 12541 | Lair:2   | Reached ****** piety under Lugonu
 12886 | Lair:2   | Upgraded the game from 0.23-b1-6-ga921848b48 to
                  | 0.23-b1-13-gf37ab262a9
 13059 | Lair:3   | Reached skill level 10 in Invocations
 13443 | Lair:3   | Reached XP level 13. HP: 86/86 MP: 20/20
 14162 | Lair:3   | Reached skill level 10 in Shields
 14175 | Lair:3   | Found a staircase to the Swamp.
 14419 | Lair:3   | Identified the cursed +1 hand crossbow of the Well-Known
                  | Yaks {freeze, +Blink +Inv +Fly Str-5} (You found it on
                  | level 3 of the Lair of Beasts)
 14481 | Lair:4   | Reached skill level 1 in Evocations
 14904 | Lair:4   | Identified a scroll of acquirement
 15075 | Lair:4   | Reached skill level 13 in Fighting
 15968 | Lair:4   | Gained mutation: Your large and strong wings let you fly
                  | indefinitely. [Gargoyle growth]
 15968 | Lair:4   | Reached XP level 14. HP: 94/94 MP: 21/21
 15969 | Lair:4   | Reached skill level 5 in Dodging
 15969 | Lair:4   | Reached XP level 15. HP: 99/99 MP: 22/22
 16709 | Lair:6   | Entered Level 6 of the Lair of Beasts
 17119 | Lair:6   | Reached skill level 14 in Fighting
 17779 | Lair:6   | Reached XP level 16. HP: 90/107 MP: 21/23
 18448 | Lair:6   | Reached skill level 10 in Evocations
 18470 | Lair:6   | Reached skill level 15 in Fighting
 19245 | Lair:6   | Found a runed translucent door.
 19246 | Lair:6   | Found a viscous altar of Jiyva.
 19248 | Lair:6   | Found a staircase to the Slime Pits.
 19675 | Orc:1    | Entered Level 1 of the Orcish Mines
 19709 | Orc:1    | Found a roughly hewn altar of Beogh.
 20537 | Orc:1    | Noticed Maurice
 20550 | Orc:1    | Killed Maurice
 21234 | Orc:1    | Identified the +12 morningstar "Hora" {flame, +Fly rN+}
 21513 | Orc:1    | Reached skill level 16 in Fighting
 21904 | Orc:1    | Got a transparent morningstar
 21905 | Orc:1    | Identified the cursed +0 morningstar of Midwinter {vamp,
                  | MR- Dex+4} (You found it on level 1 of the Orcish Mines)
 21908 | Orc:1    | Got an ancient quarterstaff
 21914 | Orc:1    | Identified the cursed +0 quarterstaff of Enyxa {freeze,
                  | rElec MR+ Int-3} (You found it on level 1 of the Orcish
                  | Mines)
 22116 | Temple   | Entered the Ecumenical Temple
 22886 | D:12     | Got a brightly glowing shield
 22897 | D:12     | Identified the cursed +0 shield of the Evening {rPois} (You
                  | found it on level 12 of the Dungeon)
 24112 | D:14     | Reached XP level 17. HP: 113/115 MP: 24/24
 24247 | D:14     | Found a gate to the Vaults.
 24380 | D:14     | Found a gate leading to a gauntlet.
 24389 | Gauntlet | Entered a Gauntlet
 24389 | Gauntlet | Found a transporter.
 24389 | Gauntlet | Found a transporter.
 24449 | Gauntlet | Found a transporter.
 24460 | Gauntlet | Found a transporter.
 24474 | Gauntlet | Found a transporter.
 24476 | Gauntlet | Found a large runed translucent door.
 24477 | Gauntlet | Found a large runed translucent door.
 24498 | Gauntlet | Found a large runed translucent door.
 24498 | Gauntlet | Found a large runed translucent door.
 24498 | Gauntlet | Found a runed translucent door.
 24498 | Gauntlet | Found a runed translucent door.
 24499 | Gauntlet | Found a large runed translucent door.
 24500 | Gauntlet | Found a large runed translucent door.
 24501 | Gauntlet | Found a large runed translucent door.
 24501 | Gauntlet | Found a large runed translucent door.
 24502 | Gauntlet | Found a runed translucent gate.
 24502 | Gauntlet | Found a runed translucent gate.
 24502 | Gauntlet | Found a runed translucent gate.
 24504 | Gauntlet | Found a transporter.
 24514 | Gauntlet | Found a large runed translucent door.
 24515 | Gauntlet | Found a large runed translucent door.
 24516 | Gauntlet | Found a large runed translucent door.
 24520 | Gauntlet | Found a transporter.
 24526 | Gauntlet | Found a transporter.
 24536 | Gauntlet | Found a large runed translucent door.
 24537 | Gauntlet | Found a large runed translucent door.
 24538 | Gauntlet | Found a large runed translucent door.
 24538 | Gauntlet | Found a large runed translucent door.
 24539 | Gauntlet | Found a runed translucent gate.
 24539 | Gauntlet | Found a large runed translucent door.
 24539 | Gauntlet | Found a large runed translucent door.
 24539 | Gauntlet | Found a runed translucent door.
 24540 | Gauntlet | Found a large runed translucent door.
 24541 | Gauntlet | Found a large runed translucent door.
 24547 | Gauntlet | Found a transporter.
 24550 | Gauntlet | Found a transporter.
 24550 | Gauntlet | Found a transporter.
 24551 | Gauntlet | Found a runed translucent door.
 24626 | Gauntlet | Got a smoking helmet
 24637 | Gauntlet | Identified the +2 helmet of Lik Lousint {+Inv} (You found
                  | it in a Gauntlet)
 24689 | Gauntlet | Found a large runed translucent door.
 24689 | Gauntlet | Found a large runed translucent door.
 24689 | Gauntlet | Found a large runed translucent door.
 24689 | Gauntlet | Found a large runed translucent door.
 24689 | Gauntlet | Found a large runed translucent door.
 25004 | Gauntlet | Found a transporter.
 25007 | Gauntlet | Found a runed translucent gate.
 25007 | Gauntlet | Found a runed translucent gate.
 25026 | Gauntlet | Identified the cursed +0 longbow of the Shore {flame, rF+
                  | Str+4 Dex+3 Stlth+}
 25609 | D:14     | Got a bone lajatang
 25638 | D:14     | Identified the +6 lajatang of the Evening {freeze, *Corrode
                  | Int+3 Dex+5} (You found it on level 14 of the Dungeon)
 25659 | D:15     | Entered Level 15 of the Dungeon
 25659 | D:15     | Found a burning altar of Makhleb.
 25849 | D:15     | Reached skill level 15 in Maces & Flails
 26523 | D:15     | Found a staircase to the Depths.
 26814 | Orc:2    | Entered Level 2 of the Orcish Mines
 27000 | Orc:2    | Found a roughly hewn altar of Beogh.
 27083 | Orc:2    | Noticed Saint Roka
 27152 | Orc:2    | Noticed Snorg
 27239 | Orc:2    | Killed Snorg
 27619 | Orc:2    | Killed Saint Roka
 28655 | Orc:2    | Found a staircase to the Elven Halls.
 28764 | Orc:2    | Found Epnouluc's Book Shoppe.
 28764 | Orc:2    | Found Imnoyk's Antique Weapon Shop.
 28765 | Orc:2    | Found Omynlesk's Antique Armour Boutique.
 28765 | Orc:2    | Found Igrud's Magic Scroll Shoppe.
 28774 | Orc:2    | Bought a scroll of magic mapping for 45 gold pieces
 28774 | Orc:2    | Bought a scroll of magic mapping for 45 gold pieces
 28774 | Orc:2    | Bought a scroll of identify for 26 gold pieces
 28959 | Spider:1 | Entered Level 1 of the Spider Nest
 29054 | Spider:1 | Reached XP level 18. HP: 88/122 MP: 21/25
 30290 | Spider:2 | Got a polished cloak
 30301 | Spider:2 | Identified the +2 cloak of the Untouchables {Str+5} (You
                  | found it on level 2 of the Spider Nest)
 31038 | Spider:3 | Reached skill level 17 in Fighting
 32264 | Spider:4 | Entered Level 4 of the Spider Nest
 32369 | Spider:4 | Noticed Arachne
 32379 | Spider:3 | Killed Arachne
 34207 | Spider:4 | Reached XP level 19. HP: 128/130 MP: 26/26
 34490 | Spider:4 | Got a gossamer rune of Zot
 34559 | Spider:4 | Reached skill level 18 in Fighting
 34941 | Swamp:1  | Entered Level 1 of the Swamp
 36750 | Swamp:3  | Noticed Nikola
 36761 | Swamp:3  | Reached skill level 15 in Armour
 36772 | Swamp:3  | Killed Nikola
 36985 | Swamp:3  | Reached skill level 15 in Shields
 37178 | Swamp:4  | Entered Level 4 of the Swamp
 37717 | Swamp:4  | Reached skill level 19 in Fighting
 37764 | Swamp:4  | Reached XP level 20. HP: 127/139 MP: 27/27
 37847 | Swamp:4  | Got a decaying rune of Zot
 38916 | Elf:1    | Entered Level 1 of the Elven Halls
 39274 | Elf:1    | Cast into level 2 of the Abyss (a deep elf sorcerer)
 39295 | Abyss:3  | Identified the +2 buckler of the Trees {Int+4 Dex+4} (You
                  | found it on level 3 of the Abyss)
 39300 | Abyss:3  | Paralysed by accursed screaming for 1 turns
 39308 | Abyss:3  | Paralysed by accursed screaming for 1 turns
 39314 | Elf:1    | Escaped the Abyss
 39737 | Elf:1    | Found Decsifyh's Gadget Emporium.
 40526 | Elf:2    | Found a runed translucent gate.
 40526 | Elf:2    | Found a runed translucent gate.
 40526 | Elf:2    | Found a runed translucent gate.
 40568 | Elf:2    | Found Zasyod's Jewellery Boutique.
 40568 | Elf:2    | Found Jeq Dipra's Gadget Shoppe.
 40569 | Elf:2    | Found Pyahacu's Gadget Shoppe.
 40583 | Elf:2    | Bought the ring of Lucidity {rF+ Dex+2} for 506 gold pieces
 40729 | Elf:2    | Reached skill level 20 in Fighting
 41446 | Elf:3    | Entered Level 3 of the Elven Halls
 42133 | Elf:3    | Reached XP level 21. HP: 106/147 MP: 28/28
 42397 | Elf:3    | Identified the +6 mace "Impbane" {freeze, rF+ MR+ Dex-5}
 43034 | Elf:3    | Reached skill level 21 in Fighting
 43668 | Depths:1 | Entered Level 1 of the Depths
 44306 | Depths:1 | Found a one-way gate to the infinite horrors of the Abyss.
 44306 | Depths:1 | Noticed Louise
 44322 | Depths:1 | Killed Louise
 44587 | Depths:1 | You are sucked into a shaft!
 44610 | Depths:2 | Noticed a golden dragon
 44930 | Depths:1 | Reached skill level 22 in Fighting
 44965 | Depths:1 | HP: 4/151 [frost giant (illusionary)/bolt of cold (19)]
 44971 | Depths:1 | Found a gateway to a ziggurat.
 46012 | Depths:1 | Found a gateway to Hell.
 46061 | Depths:1 | Identified Azoifih's Almanac of Snow and Stones
 46084 | Depths:1 | Noticed a caustic shrike
 46096 | Depths:1 | Killed a caustic shrike
 46709 | Depths:1 | Reached XP level 22. HP: 129/158 MP: 30/30
 46719 | Depths:1 | HP: 6/158 [spriggan air mage/the air (15)]
 46720 | Depths:1 | Mangled by a deep troll shaman simulacrum

Skill      XL: |  1  2  3  4  5  6  7  8  9 10 11 12 13 14 15 16 17 18 19 20 21 |
---------------+----------------------------------------------------------------+-----
Maces & Flails | 3 4 5 6 7 8 10 12 13 16 | 16.0
Fighting       | 10 11 12 13 14 16 17 19 20 22 | 22.7
Armour         | 10 11 12 13 15 17 18 | 18.0
Invocations    | 2 7 10 | 10.0
Shields        | 4 6 9 10 11 13 15 | 15.0
Evocations     | 7 9 10 | 10.9
Dodging        | 5 |  5.0

Action                   |  1- 3 |  4- 6 |  7- 9 | 10-12 | 13-15 | 16-18 | 19-21 | 22-24 || total
-------------------------+-------+-------+-------+-------+-------+-------+-------+-------++-------
Melee: Flail             |   151 |   200 |    83 |    36 |    28 |    35 |       |       ||   533
       Whip              |       |       |   330 |   935 |   772 |  2318 |       |       ||  4355
       Morningstar       |       |       |       |       |       |   565 |  1720 |     6 ||  2291
       Blowgun           |       |       |       |       |       |     3 |       |       ||     3
 Fire: Blowgun           |       |       |       |       |     8 |    61 |       |       ||    69
Throw: Stone             |       |     8 |     4 |    13 |       |       |       |       ||    25
       Tomahawk          |       |       |       |    12 |    63 |    99 |       |       ||   174
       Javelin           |       |       |       |       |     1 |    29 |    65 |       ||    95
Invok: Bend Space        |       |       |       |     2 |     2 |     2 |     1 |       ||     7
       Banish            |       |       |       |     2 |       |       |       |       ||     2
       Depart the Abyss  |       |       |       |       |       |       |     1 |       ||     1
Evoke: Wand              |       |       |     3 |     9 |     2 |    27 |    10 |       ||    51
       Sack of spiders   |       |       |       |       |       |     1 |     1 |     1 ||     3
       Box of beasts     |       |       |       |       |       |       |       |     1 ||     1
  Use: Potion            |       |     3 |       |     2 |     3 |     5 |     9 |     1 ||    23
       Scroll            |       |    12 |     7 |     9 |     3 |    14 |    17 |       ||    62
 Stab: Paralysed         |       |       |     5 |       |       |     6 |       |       ||    11
       Petrified         |       |       |       |       |     4 |       |       |       ||     4
       Distracted        |       |       |       |       |       |       |     1 |       ||     1
  Eat: Chunk             |     1 |     4 |    11 |    17 |    11 |    24 |    19 |       ||    87
       Ration            |       |       |     2 |     2 |     1 |    10 |     7 |       ||    22
Armor: Scale mail        |    99 |   113 |       |       |       |       |       |       ||   212
       Troll leather arm |       |     1 |       |       |       |       |       |       ||     1
       Chain mail        |       |       |   119 |       |    84 |       |       |       ||   203
       Plate armour      |       |       |    87 |   443 |   206 |  1285 |   706 |    27 ||  2754
Dodge: Dodged            |    43 |    53 |    67 |   128 |   173 |   990 |   573 |    18 ||  2045
Block: Shield            |    77 |   104 |   165 |   406 |   371 |  1968 |  1285 |    31 ||  4407
